 Dungeon Crawl Stone Soup version 0.25-a0-528-g6b7c99946c (webtiles) character file.

Game seed: 16966364125759062725, levelgen mode: deterministic

3154 Aggronaut the Schismatic (level 9, -1/63 HPs)
             Began as a Demonspawn Abyssal Knight on Feb 18, 2020.
             Was an Elder of Lugonu.
             Slain by an unseen horror (8 damage)
             ... on level 7 of the Dungeon on Feb 19, 2020.
             The game lasted 00:31:05 (10388 turns).

Aggronaut the Schismatic (DsAK)                    Turns: 10388, Time: 00:31:06

Health: -1/63      AC: 11    Str: 14    XL:     9   Next: 62%
Magic:  7/7        EV: 11    Int: 19    God:    Lugonu [****..]
Gold:   496        SH:  0    Dex: 13    Spells: 18/18 levels left

rFire    . . .     SeeInvis .   a - +1 falchion
rCold    . . .     Gourm    .   (no shield)
rNeg     . . .     Faith    .   y - +1 leather armour of the Mind {rElec rPois MP-9 Int+4}
rPois    +         Spirit   .   (no helmet)
rElec    +         Reflect  .   (no cloak)
rCorr    .         Harm     .   t - +0 pair of gloves
MR       .....                  I - +2 pair of boots
Stlth    +.........             (no amulet)
HPRegen  0.20/turn              l - ring of wizardry
MPRegen  0.10/turn              (no ring)

@: no status effects
A: talons 2, yellow scales 2, demonic guardian 1
a: Depart the Abyss, Bend Space, Banish, Corrupt, Renounce Religion


You were on level 7 of the Dungeon.
You worshipped Lugonu.
Lugonu was greatly pleased with you.
You were not hungry.

You visited 1 branch of the dungeon, and saw 7 of its levels.
You visited the Abyss 1 time.
You also visited: Ossuary.

You collected 496 gold pieces.

Inventory:

Hand Weapons
 a - a +1 falchion (weapon)
 J - a +4 great sword
 L - a +0 long sword
Missiles
 m - 6 atropa-tipped darts
 F - 25 poisoned darts (quivered)
Armour
 t - a +0 pair of gloves (worn)
 y - the +1 leather armour of the Mind (worn) {rElec rPois MP-9 Int+4}
   (You found it on level 4 of the Dungeon)

   It affects your intelligence (+4).
   It insulates you from electricity.
   It protects you from poison.
   It affects your magic capacity (-9).
   If you remove this armour, your AC will decrease by 4 (11 -> 7).
 I - a +2 pair of boots (worn)
Jewellery
 d - an uncursed ring of protection from fire {unknown}
 l - a ring of wizardry (left hand)
 u - an uncursed ring of resist corrosion {unknown}
 H - an uncursed ring of protection from magic {unknown}
Wands
 w - a wand of iceblast (11)
 B - a wand of flame (12)
Scrolls
 f - a scroll of noise {unknown}
 i - 2 scrolls of magic mapping {unknown}
 k - a scroll of enchant weapon {unknown}
 o - 2 scrolls of amnesia {unknown}
 p - 2 scrolls of immolation {unknown}
 r - 4 scrolls of remove curse
 s - 3 scrolls of teleportation
 v - a scroll of enchant armour {unknown}
 z - a scroll of fog {unknown}
 C - a scroll of fear {unknown}
 K - 4 scrolls of identify
Potions
 b - 2 potions of heal wounds
 e - a potion of resistance
 g - a potion of ambrosia
 h - a potion of mutation
 j - a potion of stabbing
 n - 7 potions of curing
 q - 2 potions of cancellation
 x - 2 potions of haste
 A - a potion of magic
 D - a potion of berserk rage
 E - 2 potions of lignification
 G - 2 potions of flight
Comestibles
 c - 8 rations
 M - a chunk of flesh


   Skills:
 - Level 3.0 Fighting
 + Level 9.1 Long Blades
 - Level 1.7 Armour
 - Level 0.8 Dodging
 - Level 5.0 Spellcasting
 - Level 10.1 Invocations


You had 18 spell levels left.
You didn't know any spells.
Your spell library contained the following spells:

 Spells                   Type           Power        Failure   Level  Hunger
 Freeze                   Ice            #...         6%          1    None
 Poisonous Vapours        Pois/Air       #.....       9%          2    #......
 Conjure Flame            Conj/Fire      #.......     17%         3    ##.....
 Frozen Ramparts          Ice            #.....       17%         3    ##.....
 Mephitic Cloud           Conj/Pois/Air  #.......     17%         3    ##.....
 Ozocubu's Armour         Chrm/Ice       #.......     17%         3    ##.....
 Hailstorm                Conj/Ice       #.......     50%         4    ####...
 Summon Ice Beast         Ice/Summ       #.......     50%         4    ####...
 Freezing Cloud           Conj/Ice/Air   #.........   100%        6    #######
 Ring of Flames           Chrm/Fire      #.........   100%        7    #######


Dungeon Overview and Level Annotations

Branches:
Dungeon (7/15)             Temple (0/1) D:4         Ossuary (visited)

Altars:
Ashenzari
Dithmenos
Elyvilon
Makhleb
Okawaru
Ru
Sif Muna
Trog
Yredelemnul
Zin


Innate Abilities, Weirdness & Mutations

You have razor-sharp toenails.
You are mostly covered in yellow scales. (AC +3)
A weak demonic guardian rushes to your aid.


Message History

You see here an ugly thing corpse.
You start resting.
Eating one of 2 chunks of flesh.
You eat one of the 2 chunks of flesh.
This raw flesh tastes terrible.
Something hits you!
Deactivating autopickup; reactivate with Ctrl-A.
Something hits you. Something hits you but does no damage. Something hits you!
* * * LOW HITPOINT WARNING * * *
You see here an ugly thing corpse.
Something hits you.
* * * LOW HITPOINT WARNING * * *
Something hits you.
* * * LOW HITPOINT WARNING * * *
You see here a +0 whip.
You barely miss something. Something hits you but does no damage.
You completely miss something. Something hits you but does no damage.
You closely miss something. Something hits you.
* * * LOW HITPOINT WARNING * * *
Something hits you but does no damage. Something hits you!
You die...

#..#.........#####
#..#.....#####...##
#..#.....#.#.')...#
#..#.....##..####'###
#..##....#...#...(...
#..##..####'##.⌠...⌠.
#..##..#888.##..⌠....
##.#...'....8#...⌠^..
#.)@#.#888.##....⌠..
#...#.####'##.⌠...⌠.
#.....# #...#.......
#....## ##..####†###
##....####.#.'....#..
#.......<#####...##..
#........# ######..
#........# ####..
#...>..).#######.....


There were no monsters in sight!

Vanquished Creatures
  An ugly thing (D:7)
  A hippogriff (D:7)
  Duvessa (D:6)
  An orc warrior (D:7)
  A black bear (D:6)
  A sky beast (D:7)
  A centaur (D:6)
  2 bullfrogs (D:7)
  Dowan (D:6)
  A scorpion (D:4)
  4 wights (D:7)
  A killer bee (D:7)
  4 howler monkeys (D:7)
  3 crimson imps
  4 hounds
  An orc priest (D:4)
  2 jellies
  2 human zombies (Ossuary)
  A gnoll shaman (D:6)
  A centaur skeleton (D:7)
  Terence (D:3)
  2 bullfrog skeletons (D:7)
  3 iguanas
  3 orc wizards
  4 worker ants
  2 mummies (Ossuary)
  15 gnolls
  4 adders
  A shadow imp (D:7)
  An ooze (D:2)
  An adder zombie (D:7)
  3 adder skeletons
  3 worms
  4 dart slugs
  2 leopard geckos
  11 orcs
  4 giant cockroaches
  7 goblins
  8 hobgoblins
  9 kobolds
  2 quokkas
  5 ball pythons
  A ball python skeleton (D:4)
  8 bats
  5 frilled lizards
  A goblin zombie (Ossuary)
  10 hobgoblin zombies (Ossuary)
  2 jackal zombies (Ossuary)
  7 kobold zombies (Ossuary)
  A leopard gecko zombie (D:7)
  10 orc zombies (Ossuary)
  2 quokka zombies
  6 rats
  2 rat zombies (Ossuary)
184 creatures vanquished.

Vanquished Creatures (collateral kills)
  A hippogriff (D:7)
  Menkaure (D:4)
  A sky beast (D:6)
  A phantom (D:7)
  A centaur (D:6)
  A necrophage (D:7)
  2 bullfrogs
  2 orc wizards
  A big kobold zombie (Ossuary)
  3 adders (D:3)
  A gnoll (D:5)
  An adder zombie (Ossuary)
  5 orcs
  A hobgoblin (D:3)
  A leopard gecko zombie (D:7)
  An orc zombie (Ossuary)
24 creatures vanquished.

Grand Total: 208 creatures vanquished

Notes
Turn   | Place    | Note
-------+----------+-------------------------------------------
     0 | Abyss:1  | Aggronaut the Demonspawn Abyssal Knight began the quest for
                  | the Orb.
     0 | Abyss:1  | Reached XP level 1. HP: 18/18 MP: 2/2
    16 | D:1      | Escaped the Abyss
    19 | D:1      | Noticed a human
    19 | D:1      | Noticed a merfolk
    21 | D:1      | Noticed a felid
    21 | D:1      | Noticed a centaur
    23 | D:1      | Noticed a tengu
    23 | D:1      | Noticed a halfling
    25 | D:1      | Noticed a gargoyle
    25 | D:1      | Noticed a troll
    27 | D:1      | Noticed a formicid
    29 | D:1      | Noticed an octopode
    31 | D:1      | Noticed an elf
    31 | D:1      | Noticed a demigod
    33 | D:1      | Noticed a vine stalker
    33 | D:1      | Noticed a minotaur
    35 | D:1      | Noticed a draconian
    35 | D:1      | Noticed a dwarf
    37 | D:1      | Noticed a naga
    37 | D:1      | Noticed a vampire
    41 | D:1      | Noticed a spriggan
    41 | D:1      | Noticed a demonspawn
    43 | D:1      | Noticed a ghoul
    43 | D:1      | Noticed an ogre
   234 | D:1      | Reached skill level 3 in Invocations
   298 | D:1      | Gained mutation: You are partially covered in yellow
                  | scales. (AC +2) [demonic ancestry]
   298 | D:1      | Reached XP level 2. HP: 18/24 MP: 4/4
  1077 | D:2      | Reached skill level 4 in Invocations
  1088 | D:2      | Reached ** piety under Lugonu
  1088 | D:2      | Gained mutation: You have sharp toenails. [demonic
                  | ancestry]
  1088 | D:2      | Reached XP level 3. HP: 25/29 MP: 6/6
  1181 | D:2      | Found a shadowy altar of Dithmenos.
  1394 | D:2      | Found a glowing silver altar of Zin.
  1396 | D:2      | Found an iron altar of Okawaru.
  1398 | D:2      | Found a basalt altar of Yredelemnul.
  1406 | D:2      | Reached skill level 5 in Invocations
  1406 | D:2      | Gained mutation: A weak demonic guardian rushes to your
                  | aid. [demonic ancestry]
  1406 | D:2      | Reached XP level 4. HP: 33/35 MP: 7/7
  1672 | D:3      | Found a shattered altar of Ashenzari.
  1681 | D:3      | Found a burning altar of Makhleb.
  1865 | D:3      | Found a shimmering blue altar of Sif Muna.
  1885 | D:3      | Reached XP level 5. HP: 37/41 MP: 9/9
  2065 | D:3      | Reached skill level 6 in Invocations
  2347 | D:3      | Reached *** piety under Lugonu
  2475 | D:3      | Noticed Terence
  2504 | D:3      | Killed Terence
  2639 | D:3      | Found a white marble altar of Elyvilon.
  2751 | D:4      | Noticed Menkaure
  2753 | D:4      | Found a staircase to the Ecumenical Temple.
  2760 | D:4      | Killed Menkaure
  2760 | D:4      | Reached skill level 7 in Invocations
  2760 | D:4      | Gained mutation: You are mostly covered in yellow scales.
                  | (AC +3) [demonic ancestry]
  2760 | D:4      | Reached XP level 6. HP: 8/47 MP: 11/11
  3859 | D:4      | Got a translucent leather armour
  3870 | D:4      | Identified the +1 leather armour of the Mind {rElec rPois
                  | MP-9 Int+4} (You found it on level 4 of the Dungeon)
  4053 | D:4      | Got a fine leather armour
  4066 | D:4      | Identified the cursed +0 leather armour "Wuffiva" {rN+
                  | Str+3} (You found it on level 4 of the Dungeon)
  4526 | D:4      | Reached skill level 8 in Invocations
  4626 | D:5      | Entered Level 5 of the Dungeon
  4696 | D:5      | Found a sand-covered staircase.
  4701 | Ossuary  | Entered an ossuary
  4721 | Ossuary  | Reached skill level 1 in Spellcasting
  4784 | Ossuary  | Reached XP level 7. HP: 47/52 MP: 13/13
  5018 | Ossuary  | Reached **** piety under Lugonu
  5737 | D:5      | Reached skill level 9 in Invocations
  6369 | D:6      | Upgraded the game from 0.25-a0-521-gb5d5f98535 to
                  | 0.25-a0-528-g6b7c99946c
  6956 | D:6      | Gained mutation: You have razor-sharp toenails. [demonic
                  | ancestry]
  6956 | D:6      | Reached XP level 8. HP: 39/58 MP: 6/15
  7286 | D:6      | Reached skill level 5 in Long Blades
  7427 | D:6      | Reached skill level 10 in Invocations
  7490 | D:6      | Found a sacrificial altar of Ru.
  7707 | D:6      | Noticed Duvessa
  7715 | D:6      | Noticed Dowan
  7770 | D:6      | Killed Duvessa
  7788 | D:6      | Killed Dowan
  7884 | D:6      | Found a bloodstained altar of Trog.
  8480 | D:7      | Noticed a hippogriff
  8488 | D:7      | Killed a hippogriff
  8855 | D:7      | Reached skill level 5 in Spellcasting
  8968 | D:7      | Reached XP level 9. HP: 61/63 MP: 7/16
  9908 | D:7      | Noticed a cyan ugly thing
 10350 | D:7      | Killed a cyan ugly thing
 10388 | D:7      | Slain by an unseen horror

Levels and vault maps discovered:
D:1:      kb_arrival_jail, layout_basic, minmay_hedge_maze, minmay_pentomino_s4
D:2:      layout_loops_ring, lemuel_round_altar, grunt_temple_overflow_open
D:3:      layout_basic, elyvilon_altar_3, lemuel_crystal_altar, bloody_makhleb,
          nicolae_overflow_crystal_walls, first_ration,
          kennysheep_cross_bottleneck, item_on_display_a, uniq_terence
D:4:      layout_gridville, minmay_temple_entry_ruins, uniq_menkaure
D:5:      layout_basic, enter_ossuary_2, chequers_avenue
D:6:      layout_loops_corners, marbit_many_paths, basic_altar, uniq_duvessa
D:7:      minmay_chambers_of_sevens, layout_rooms

Skill      XL: |  1  2  3  4  5  6  7  8  9 |
---------------+----------------------------+-----
Long Blades    | 2 3 4 6 9 |  9.1
Invocations    | 3 4 5 7 8 9 10 | 10.1
Spellcasting   | 1 2 5 |  5.0
Fighting       | |  3.0
Armour         | |  1.7
Dodging        | |  0.8

Action                   |  1- 3 |  4- 6 |  7- 9 || total
-------------------------+-------+-------+-------++-------
Melee: Falchion          |    75 |   230 |   472 ||   777
       Kick              |    10 |    62 |    65 ||   137
       Great sword       |       |       |    36 ||    36
Throw: Dart              |       |       |    43 ||    43
Invok: Bend Space        |       |       |     1 ||     1
Evoke: Wand              |       |       |     1 ||     1
  Use: Scroll            |     4 |     1 |     9 ||    14
       Potion            |       |       |     6 ||     6
 Stab: Sleeping          |     1 |       |     1 ||     2
       Distracted        |       |     1 |     3 ||     4
  Eat: Chunk             |     1 |    11 |    13 ||    25
       Ration            |       |       |     2 ||     2
Armor: Leather armour    |    24 |    35 |   223 ||   282
       Ring mail         |     3 |    77 |       ||    80
Dodge: Dodged            |    62 |   142 |   284 ||   488
       Rpst.: Falchion   |    25 |    46 |    85 ||   156
       Great sword       |       |       |     7 ||     7

Table legend:
 A = Non-vault XP
 B = Vault XP
 C = Vault XP percentage of total XP
 D = Non-vault monster count
 E = Vault monster count
 F = Vault count percentage of total count
                 A         B        C        D         E       F
            +---------+---------+-------+---------+---------+-------
      Total |    2861 |    1646 |  36.5 |     149 |      59 |  28.4
            +---------+---------+-------+---------+---------+-------
        D:1 |      24 |       7 |  22.6 |      12 |       4 |  25.0
        D:2 |      96 |       0 |   0.0 |      24 |       0 |   0.0
        D:3 |     197 |      38 |  16.2 |      32 |       1 |   3.0
        D:4 |     247 |     101 |  29.0 |      18 |       1 |   5.3
        D:5 |     269 |       0 |   0.0 |      18 |       0 |   0.0
        D:6 |     716 |     228 |  24.2 |      18 |       3 |  14.3
        D:7 |    1312 |    1095 |  45.5 |      27 |      11 |  28.9
    Ossuary |       0 |     177 | 100.0 |       0 |      39 | 100.0
            +---------+---------+-------+---------+---------+-------
